 Dungeon Crawl Stone Soup version 0.26-a0-996-g6b303dbc09 (webtiles) character file.

Game seed: 499753877244462505

4221 PentaManta the Grappler (level 10, -8/94 HPs)
             Began as a Troll Chaos Knight on Dec 6, 2020.
             Was a Plaything of Xom.
             Shot with a bolt by an orc warrior (32 damage)
             ... in a bailey.
             The game lasted 00:16:21 (4828 turns).

PentaManta the Grappler (Troll Chaos Knight)        Turns: 4828, Time: 00:16:22

Health: -8/94      AC: 10    Str: 27    XL:     10   Next: 9%
Magic:  9/9        EV: 15    Int: 10    God:    Xom [..*...]
Gold:   438        SH:  0    Dex: 11    Spells: 9/9 levels left

rFire    + . .     SeeInvis .     - Unarmed
rCold    . . .     Faith    .   (no shield)
rNeg     . . .     Spirit   .   a - +2 robe
rPois    .         Reflect  .   g - +2 hat
rElec    .         Harm     .   (no cloak)
rCorr    .         Rampage  .   (gloves unavailable)
MR       .....     Clarity  +   (boots unavailable)
Stlth    +.........             (no amulet)
HPRegen  1.05/turn              m - +4 ring of evasion
MPRegen  0.11/turn              (no ring)

@: no status effects
A: large, unfitting armour, claws 3, agile 1, clarity, clever 1, fire resistance
1, regeneration 2, shaggy fur 1, strong 1, tough skin 3
a: Renounce Religion


You were in a bailey.
You worshipped Xom.
You were a toy of Xom.
You visited 2 branches of the dungeon, and saw 8 of its levels.
You also visited: Bailey.

You collected 438 gold pieces.

Inventory:

Missiles
 c - 8 large rocks (quivered)
 d - 7 atropa-tipped darts
Armour
 a - a +2 robe (worn)
 g - a +2 hat (worn)
 n - a +0 scale mail
Jewellery
 m - a +4 ring of evasion (left claw)
 t - an uncursed ring of ice
Wands
 b - a wand of random effects (21)
 l - a wand of iceblast (4)
Scrolls
 f - a scroll of teleportation
 i - 2 scrolls of fog
 j - 2 scrolls of enchant weapon
 k - a scroll of remove curse
 q - a scroll of enchant armour
 v - 2 scrolls of identify
 w - a scroll of fear
Potions
 e - 6 potions of curing
 h - a potion of lignification
 o - 2 potions of brilliance
 p - a potion of degeneration {unknown}
 r - a potion of heal wounds
 s - 2 potions of resistance {unknown}
 u - a potion of ambrosia {unknown}
 x - a potion of attraction {unknown}


   Skills:
 + Level 4.8 Fighting
 + Level 4.2 Throwing
 + Level 3.9 Armour
 + Level 4.5 Dodging
 - Level 11.0 Unarmed Combat


You had 9 spell levels left.
You didn't know any spells.
Your spell library contained the following spells:

 Spells                   Type           Power        Failure   Level
 Corona                   Hex            #......      36%         1
 Ensorcelled Hibernation  Hex/Ice        #.....       50%         2
 Confusing Touch          Hex            #.......     75%         3
 Dazzling Flash           Conj/Hex       #.....       75%         3
 Tukima's Dance           Hex            #.......     75%         3


Dungeon Overview and Level Annotations

Branches:
Dungeon (7/15)             Temple (1/1) D:5          Bailey (1/1)

Altars:
Fedhas
Kikubaaqudgha
Sif Muna
Uskayaw
Xom
The Shining One

Shops:
D:5 *

Annotations:
D:4 exclusion: orc wizard


Innate Abilities, Weirdness & Mutations

You are too large for most types of armour.
You have claws for hands.
You heal very quickly.
You are covered in fur. (AC +1)
You have extremely tough skin. (AC +3)
You are agile. (Dex +2)
You possess an exceptional clarity of mind.
Your mind is acute. (Int +2)
Your flesh is heat resistant. (rF+)
Your muscles are strong. (Str +2)


Message History

You claw the orc warrior!
The orc warrior is almost dead.
The orc warrior hits you.
* * * LOW HITPOINT WARNING * * *
You miss the orc warrior. Your claw misses the orc warrior.
The orc warrior is almost dead.
The orc warrior misses you. The orc warrior closely misses you.
You completely miss the orc warrior.
The orc warrior is almost dead.
You mangle the orc warrior!!
You kill the orc warrior!
The orc warrior barely misses you.
The orc knight roars a battlecry!
The orc warrior goes into a battle-frenzy!
The orc warrior shoots a bolt.
The bolt barely misses you.
You see here a bolt.
You see here 5 bolts.
The orc warrior shoots a bolt.
The bolt hits you!!
You die...
Xom cackles wildly!

* ### * * ,
######*##∩#########
*,** *,,,
#.....##(((##.....##
,,* ,
*..≈≈≈.(#(.@#..≈≈≈..#,
*
*.≈≈o≈≈.).((..≈≈.≈≈.#.
* ,
.≈.oo≈....().≈o∩.≈.'.
,
*.≈≈o≈≈.......≈≈)≈≈.#
* *,
*..≈≈≈..#...#.)≈≈≈..#,
,* , ,
#.....##...##.))..##
,* *
**######*##∩#########
,** * ### * *


You could see an orc knight, 3 orc warriors and an orc (strong).

Vanquished Creatures
  A skeletal warrior (D:7)
  Grinder (D:3)
  2 water moccasins
  A black bear (D:6)
  4 orc warriors
  4 sky beasts
  3 ice beasts
  4 ogres
  2 centaurs
  2 bullfrogs (D:6)
  A gnoll sergeant (D:7)
  A scorpion (D:6)
  4 howler monkeys
  2 orc priests
  2 hounds
  A centaur skeleton (D:4)
  4 bullfrog skeletons
  An iguana (D:6)
  9 orc wizards
  5 worker ants
  Robin (D:2)
  10 adders
  6 gnolls
  A howler monkey skeleton (D:3)
  3 white imps (D:6)
  An ufetubus (D:4)
  2 oozes (D:5)
  2 adder zombies
  An adder skeleton (D:7)
  A worm (D:6)
  3 leopard geckos
  41 orcs
  10 bats
  5 giant cockroaches
  8 hobgoblins
  10 jackals
  4 kobolds
  2 quokkas
  A ball python (D:1)
  4 frilled lizards
  15 goblins
  5 rats
190 creatures vanquished.

Vanquished Creatures (collateral kills)
  An orc knight (Bailey)
  2 orc warriors (Bailey)
  2 orcs (Bailey)
5 creatures vanquished.

Vanquished Creatures (others)
  A dancing weapon (Bailey)
1 creature vanquished.

Grand Total: 196 creatures vanquished

Notes
Turn   | Place    | Note
-------+----------+-------------------------------------------
     0 | D:1      | PentaManta the Troll Chaos Knight began the quest for the
                  | Orb.
     0 | D:1      | Reached XP level 1. HP: 22/22 MP: 0/0
   145 | D:1      | Reached XP level 2. HP: 29/29 MP: 1/1
   346 | D:2      | XOM: divination: magic mapping
   351 | D:2      | Reached skill level 4 in Unarmed Combat
   359 | D:2      | Found a faded altar of an unknown god.
   370 | D:2      | XOM: potion effect (berserk rage)
   375 | D:2      | Reached XP level 3. HP: 36/36 MP: 2/2
   375 | D:2      | XOM: potion effect (haste)
   467 | D:2      | Reached XP level 4. HP: 44/44 MP: 3/3
   480 | D:2      | Noticed Robin
   486 | D:2      | Reached skill level 5 in Unarmed Combat
   492 | D:2      | Killed Robin
   496 | D:2      | XOM: potion effect (invisibility)
   563 | D:2      | XOM: silly message
  1076 | D:2      | XOM: give mutations
  1076 | D:2      | Gained mutation: You possess an exceptional clarity of
                  | mind. [Xom's grace]
  1076 | D:2      | Gained mutation: Your mind is acute. (Int +2) [Xom's grace]
  1115 | D:3      | Noticed a centaur
  1122 | D:3      | XOM: fake destruction
  1123 | D:3      | Killed a centaur
  1124 | D:3      | Reached skill level 6 in Unarmed Combat
  1124 | D:3      | Reached XP level 5. HP: 46/50 MP: 4/4
  1348 | D:3      | Noticed Grinder
  1350 | D:3      | Paralysed by Grinder for 5 turns
  1359 | D:3      | XOM: scenery: create altars
  1366 | D:3      | Paralysed by Grinder for 5 turns
  1374 | D:3      | Killed Grinder
  1375 | D:3      | Reached skill level 7 in Unarmed Combat
  1375 | D:3      | Reached XP level 6. HP: 50/59 MP: 5/5
  1974 | D:4      | XOM is BORED!
  1974 | D:4      | XOM: 1-stop teleportation journey
  1982 | D:4      | Reached skill level 8 in Unarmed Combat
  1982 | D:4      | Reached XP level 7. HP: 53/66 MP: 6/6
  1998 | D:4      | XOM: draining
  2059 | D:4      | XOM: cleaving
  2060 | D:4      | XOM: snakes to sticks
  2068 | D:4      | XOM: butterfly on damage
  2068 | D:4      | XOM: smoke on damage
  2285 | D:4      | Reached skill level 9 in Unarmed Combat
  2291 | D:4      | XOM: 2-stop teleportation journey
  2651 | D:4      | Found a shimmering blue altar of Sif Muna.
  2751 | D:4      | XOM: give mutations
  2751 | D:4      | Gained mutation: You are agile. (Dex +2) [Xom's grace]
  2751 | D:4      | Gained mutation: You heal very quickly. [Xom's grace]
  2751 | D:4      | Gained mutation: Your muscles are strong. (Str +2) [Xom's
                  | grace]
  2751 | D:4      | Gained mutation: Your flesh is heat resistant. (rF+) [Xom's
                  | grace]
  2757 | D:5      | Entered Level 5 of the Dungeon
  2808 | D:5      | Found Puotzog's General Store.
  2913 | D:5      | Reached XP level 8. HP: 74/74 MP: 7/7
  2949 | D:5      | Found a staircase to the Ecumenical Temple.
  2960 | D:5      | Reached skill level 10 in Unarmed Combat
  2963 | D:5      | XOM: smoke on damage
  3001 | Temple   | Entered the Ecumenical Temple
  3044 | D:5      | XOM: 1-stop teleportation journey
  3139 | D:5      | XOM: enchant monster (good)
  3375 | D:5      | XOM: cleaving
  3381 | D:5      | Reached skill level 11 in Unarmed Combat
  3391 | D:5      | XOM: scenery: summon butterflies
  3570 | D:5      | XOM: silly message
  3830 | D:6      | Reached skill level 1 in Throwing
  3877 | D:6      | Reached skill level 1 in Armour
  3911 | D:6      | XOM: god gift: scale mail {god gift}
  3963 | D:6      | Reached XP level 9. HP: 81/81 MP: 8/8
  4532 | D:7      | XOM: summons friendly white imp
  4538 | D:7      | XOM: silly message
  4678 | D:7      | Noticed a skeletal warrior
  4679 | D:7      | Noticed a troll
  4681 | D:7      | Noticed a komodo dragon
  4696 | D:7      | Killed a skeletal warrior
  4697 | D:7      | XOM: potion effect (brilliance)
  4770 | D:7      | Found a flagged portal.
  4774 | Bailey   | Entered a bailey
  4774 | Bailey   | Noticed an orc knight
  4802 | Bailey   | Reached XP level 10. HP: 62/94 MP: 9/9
  4802 | Bailey   | Noticed an orc knight
  4805 | Bailey   | Killed an orc knight
  4817 | Bailey   | XOM: divination: magic mapping
  4828 | Bailey   | Shot with a bolt by an orc warrior

Illustrated notes

Levels and vault maps discovered:
D:1:      minmay_arrival_glassed_features, layout_rooms, minmay_tripent
D:2:      layout_loops_ring, chequers_ecumenical_altar_island, uniq_robin
D:3:      layout_loops_ring, uniq_grinder
D:4:      layout_basic, led_sif_book
D:5:      layout_basic, minmay_temple_entry_trees, serial_shops, shop
D:6:      layout_basic
D:7:      minmay_the_grid_octo_triangle [minmay_the_grid_octo_concentric,
          minmay_the_grid_octo_prize_square_snowflake,
          minmay_the_grid_octo_fan_narrow], layout_basic, enter_bailey_1
Temple:   nicolae_temple_the_god_donut
Bailey:   bailey_polearm_4, bailey

Skill      XL: |  1  2  3  4  5  6  7  8  9 |
---------------+----------------------------+-----
Unarmed Combat | 4 6 7 8 9 11 | 11.0
Dodging        | 2 4 |  4.5
Throwing       | 1 4 |  4.2
Armour         | 1 3 |  3.9
Fighting       | 3 4 |  4.8

Action                   |  1- 3 |  4- 6 |  7- 9 | 10-12 || total
-------------------------+-------+-------+-------+-------++-------
Melee: Unarmed           |    67 |   150 |   293 |     6 ||   516
       Punch             |     1 |     3 |    14 |       ||    18
Throw: Large rock        |     1 |     1 |       |       ||     2
  Use: Scroll            |       |       |    17 |       ||    17
       Potion            |       |       |     2 |       ||     2
 Stab: Invisible         |       |     2 |       |       ||     2
       Sleeping          |       |       |     1 |       ||     1
       Distracted        |       |       |     1 |       ||     1
Armor: Robe              |    32 |    40 |    89 |     2 ||   163
Dodge: Dodged            |    36 |    63 |   139 |    10 ||   248

Table legend: (Time is in decaauts)
 A = Elapsed time spent in this place.
 B = Non-inter-level travel time spent in this place.
 C = Inter-level travel time spent in this place.
 D = Time resting spent in this place.
 E = Time spent auto-exploring this place.
 F = Levels seen in this place.
 G = Mean time per level.
                   A        B        C        D        E       F      G
               +--------+--------+--------+--------+--------+-----+--------+
         Total |   4777 |   4598 |    179 |     68 |   3342 |   9 |  530.8 |
       Dungeon |   4724 |   4545 |    179 |     68 |   3342 |   7 |  674.9 |
        Temple |      1 |      1 |      0 |      0 |      0 |   1 |    1.0 |
        Bailey |     51 |     51 |      0 |      0 |      0 |   1 |   51.0 |
               +--------+--------+--------+--------+--------+-----+--------+

Top non-repeatable levels by time:
     D:5: 1048 daAuts
     D:3: 843 daAuts
     D:4: 830 daAuts
     D:2: 731 daAuts
     D:6: 593 daAuts
     D:1: 342 daAuts
     D:7: 335 daAuts
  Bailey: 51 daAuts
  Temple: 1 daAuts
